Map: [ESL] Oceanborn

Players

SKillous

  • Race: Protoss Protoss
  • Spawn Location: 5:00

Harstem - Winner!

  • Race: Protoss Protoss
  • Spawn Location: 11:00

Event: ESL SC2 Masters 2024 Spring (Regional)

VOD

Have the link to the VOD?

Description

Time

  • Played on: May 2, 2024, 10:57 a.m.
  • Length: 18:56

All games in this series

Show
View Real Time Build Order
Export as new Build Order

SKillous Protoss 

Build Orders: Oracle Opening 

Get SALT Encoding   

  12  0:02  Probe  
  13  0:14  Probe  
  13  0:18  Pylon  
  14  0:26  Probe (Chrono Boost)  
  15  0:38  Probe (Chrono Boost), Gateway  
  16  0:45  Probe (Chrono Boost)  
  16  0:47  Assimilator  
  17  0:52  Probe (Chrono Boost)  
  17  0:55  Assimilator  
  18  1:04  Probe (Chrono Boost)  
  18  1:07  Gateway  
  18  1:09  Gateway  
  19  1:13  Probe (Chrono Boost)  
  20  1:20  Probe  
  21  1:26  Cybernetics Core  
  21  1:32  Probe  
  22  1:36  Pylon  
  22  1:44  Probe  
  23  1:56  Probe  
  24  2:01  Stalker  
  24  2:02  Warp Gate, Stalker  
  29  2:08  Probe  
  29  2:12  Pylon  
  29  2:18  Pylon  
  29  2:20  Probe  
  30  2:33  Probe  
  33  2:50  Stargate  
  31  2:58  Nexus  
  31  3:01  Probe  
  32  3:11  Twilight Council  
  32  3:13  Probe  
  32  3:19  Pylon  
  33  3:29  Probe  
  33  3:31  Oracle (Chrono Boost)  
  34  3:38  Shield Battery  
  34  3:41  Probe  
  38  3:50  Stalker  
  38  3:53  Stalker  
  42  3:59  Probe  
  39  4:22  Probe (Chrono Boost)  
  39  4:23  Oracle (Chrono Boost), Probe (Chrono Boost)  
  39  4:24  Stalker x2  
  46  4:34  Probe (Chrono Boost)  
  46  4:36  Probe (Chrono Boost)  
  48  4:40  Gateway  
  48  4:41  Probe (Chrono Boost)  
  48  4:42  Probe (Chrono Boost)  
  50  4:48  Probe  
  50  4:50  Stalker  
  50  4:52  Stalker  
  55  4:56  Probe  
  56  5:00  Shield Battery  
  56  5:04  Probe  
  57  5:07  Pylon  
  57  5:09  Assimilator, Blink (Chrono Boost)  
  57  5:12  Probe  
  57  5:13  Pylon  
  57  5:16  Probe  
  57  5:20  Stalker  
  61  5:30  Stalker  
  61  5:31  Pylon  
  62  5:36  Stalker  
  62  5:37  Pylon  
  62  5:39  Probe x2  
  66  5:43  Stalker  
  68  5:56  Stalker  
  70  6:03  Nexus  
  70  6:08  Pylon, Probe  
  70  6:09  Probe  
  72  6:11  Stalker  
  72  6:16  Stalker  
  76  6:20  Probe  
  77  6:25  Probe  
  77  6:26  Stalker  
  77  6:29  Forge  
  80  6:33  Probe  
  80  6:37  Probe (Chrono Boost)  
  82  6:45  Stalker x2, Probe (Chrono Boost)  
  87  6:49  Pylon  
  87  6:50  Probe (Chrono Boost)  
  89  6:55  Probe (Chrono Boost)  
  89  6:56  Protoss Ground Weapons Level 1 (Chrono Boost)  
  89  6:57  Probe (Chrono Boost)  
  89  7:00  Probe (Chrono Boost)  
  90  7:03  Charge  
  90  7:04  Probe  
  90  7:08  Gateway  
  92  7:11  Robotics Facility, Probe  
  94  7:17  Gateway  
  94  7:21  Gateway  
  93  7:26  Probe, Gateway  
  94  7:33  Phoenix (Chrono Boost)  
  94  7:35  Pylon  
  96  7:38  Photon Cannon  
  96  7:40  Gateway  
  94  7:49  Stalker x3, Probe  
  101  7:51  Pylon  
  101  7:54  Shield Battery  
  101  7:56  Observer (Chrono Boost)  
  101  8:05  Nexus  
  102  8:09  Pylon, Observer (Chrono Boost)  
  102  8:12  Probe x2  
  105  8:13  Probe  
  105  8:18  Shield Battery  
  106  8:20  Stalker x2  
  106  8:25  Stalker x2  
  114  8:27  Warp Prism (Chrono Boost)  
  114  8:33  Probe  
  114  8:34  Probe  
  118  8:36  Probe  
  118  8:39  Protoss Ground Weapons Level 2 (Chrono Boost)  
  115  8:53  Stalker x4  
  123  9:06  Gateway  
  123  9:11  Gateway  
  123  9:16  Zealot x3, Stalker x3  
  135  9:18  Observer  
  135  9:25  Observer  
  135  9:27  Photon Cannon  
  135  9:29  Photon Cannon  
  135  9:30  Photon Cannon  
  133  9:32  Shield Battery, Probe  
  133  9:33  Probe  
  135  9:41  Zealot x5  
  135  9:43  Observer  
  145  9:50  Forge  
  145  9:57  Pylon  
  145  9:58  Zealot x2  
  145  9:59  Zealot  
  151  10:02  Shield Battery  
  151  10:13  Zealot  
  153  10:15  Nexus  
  153  10:18  Photon Cannon  
  153  10:21  Warp Prism  
  153  10:25  Zealot x5  
  145  10:43  Protoss Ground Armor Level 1 (Chrono Boost)  
  145  10:45  Zealot x9  
  145  10:48  Pylon  
  162  10:50  Pylon x2, Probe  
  162  10:52  Protoss Ground Weapons Level 3 (Chrono Boost)  
  162  10:56  Shield Battery  
  162  10:58  Pylon  
  162  11:16  Zealot x10  
  182  11:34  Observer  
  182  11:41  Nexus  
  182  11:43  Pylon  
  182  11:45  Gateway  
  182  11:47  Gateway  
  182  11:52  Zealot x8  
  182  11:53  Zealot x2  
  192  11:56  Observer  
  192  12:00  Observer  
  131  12:12  Stalker x3  
  131  12:13  Stalker x7  
  125  12:17  Protoss Ground Armor Level 2 (Chrono Boost), Probe  
  125  12:18  Probe  
  118  12:28  Assimilator  
  113  12:30  Assimilator  
  113  12:36  Probe x3  
  113  12:37  Zealot x3, Probe  
  112  12:38  Zealot  
  112  12:39  Probe  
  112  12:44  Stalker x5  
  129  12:48  Probe x2  
  129  12:49  Probe  
  129  12:50  Probe  
  133  12:54  Observer  
  133  12:57  Observer  
  133  12:59  Stalker x3  
  133  13:00  Stalker x2  
  137  13:10  Zealot, Stalker x2  
  143  13:25  Stalker x2  
  143  13:26  Stalker x3  
  153  13:31  Stalker  
  153  13:32  Stalker  
  155  13:35  Stalker x4  
  163  13:47  Stalker  
  165  13:54  Stalker x5  
  165  13:55  Zealot x2  
  164  13:57  Observer  
  164  14:02  Zealot x4  
  164  14:04  Probe x5  
  164  14:05  Probe  
  164  14:09  Photon Cannon  
  170  14:11  Shield Battery  
  170  14:14  Zealot  
  170  14:15  Zealot x2  
  146  14:18  Zealot x5  
  142  14:24  Warp Prism (Chrono Boost)  
  144  14:32  Stalker x4  
  144  14:37  Stalker x3  
  158  14:41  Stalker x2  
  158  14:45  Stalker  
  164  14:53  Observer  
  164  14:56  Stalker x5  
  174  15:03  Zealot x4  
  180  15:09  Protoss Shields Level 1 (Chrono Boost)  
  180  15:12  Observer  
  180  15:19  Zealot x3  
  180  15:20  Zealot  
  189  15:25  Assimilator  
  189  15:28  Zealot x5  
  191  15:31  Pylon, Assimilator  
  191  15:34  Zealot x3  
  191  15:35  Zealot x2  
  199  15:43  Protoss Ground Armor Level 3 (Chrono Boost)  
  195  15:57  Zealot x2  
  181  16:09  Stalker x5  
  181  16:10  Zealot x5  
  164  16:12  Observer  
  164  16:20  Stalker x2  
  169  16:31  Zealot x5  
  179  16:33  Zealot x5  
  179  16:36  Gateway  
  179  16:37  Gateway  
  189  16:40  Gateway  
  189  16:44  Observer  
  189  16:46  Observer, Gateway  
  189  16:47  Zealot x2  
  191  16:52  Zealot x3  
  195  16:57  Observer, Stalker  
  195  16:58  Zealot x3, Stalker x3  
  144  17:11  Stalker x2  
  144  17:13  Stalker x3  
  148  17:19  Zealot  
  148  17:21  Zealot x6  
  158  17:23  Pylon  
  129  17:37  Stalker x4  
  129  17:38  Zealot x4  
  119  17:47  Zealot x7  
  119  17:48  Zealot  
  119  17:50  Stalker x7  
  119  17:51  Zealot  
  126  18:00  Zealot x8  
  102  18:15  Stalker x3  
  102  18:16  Zealot x4, Stalker  
  94  18:23  Stalker x2  
  94  18:24  Zealot x6  
  88  18:38  Zealot x2  
  88  18:39  Zealot x6  
  84  18:48  Stalker x3  
  74  18:49  Zealot  
Show
View Real Time Build Order
Export as new Build Order

Harstem Protoss - Winner!

Build Orders: Phoenix Opening 

Get SALT Encoding   

  12  0:01  Probe  
  13  0:13  Probe  
  14  0:17  Pylon  
  14  0:25  Probe (Chrono Boost)  
  15  0:35  Gateway  
  15  0:38  Probe (Chrono Boost)  
  16  0:45  Probe (Chrono Boost)  
  16  0:47  Assimilator  
  17  0:52  Probe (Chrono Boost)  
  17  0:55  Assimilator  
  18  1:05  Probe (Chrono Boost)  
  18  1:09  Gateway  
  19  1:13  Probe (Chrono Boost)  
  20  1:19  Probe  
  20  1:24  Cybernetics Core  
  21  1:31  Probe  
  22  1:36  Pylon  
  22  1:43  Probe  
  23  1:55  Probe  
  23  1:57  Warp Gate (Chrono Boost)  
  23  2:00  Stalker  
  26  2:07  Probe  
  26  2:08  Sentry  
  29  2:11  Pylon  
  29  2:19  Probe  
  30  2:29  Pylon  
  30  2:30  Sentry  
  30  2:33  Probe  
  33  2:38  Phoenix  
  33  2:44  Sentry  
  33  2:45  Probe  
  33  2:50  Pylon  
  36  2:57  Stalker  
  39  3:03  Nexus  
  38  3:05  Probe  
  39  3:13  Robotics Facility  
  39  3:18  Probe  
  40  3:32  Pylon  
  41  3:37  Stalker  
  41  3:38  Stalker  
  41  3:41  Shield Battery  
  44  3:44  Probe  
  45  3:56  Probe  
  45  4:00  Phoenix  
  45  4:01  Stalker  
  48  4:02  Stalker  
  48  4:08  Probe  
  47  4:22  Probe  
  46  4:24  Stalker  
  46  4:26  Immortal (Chrono Boost)  
  52  4:31  Probe  
  52  4:34  Probe  
  54  4:38  Sentry  
  56  4:50  Stalker  
  56  4:52  Probe x2  
  58  4:55  Phoenix  
  58  4:58  Warp Prism (Chrono Boost)  
  58  5:04  Probe  
  58  5:05  Gateway  
  58  5:06  Stalker  
  63  5:10  Probe  
  64  5:16  Pylon  
  64  5:18  Stalker  
  66  5:26  Pylon  
  66  5:27  Twilight Council, Probe  
  67  5:36  Probe  
  67  5:39  Assimilator  
  68  5:43  Probe  
  68  5:47  Stalker  
  68  5:48  Probe  
  72  5:51  Pylon  
  72  5:55  Probe  
  72  6:01  Probe  
  72  6:02  Blink (Chrono Boost)  
  71  6:06  Nexus  
  71  6:07  Probe  
  70  6:13  Probe  
  70  6:14  Pylon  
  71  6:19  Probe  
  71  6:25  Probe  
  72  6:27  Phoenix  
  72  6:28  Dark Shrine  
  72  6:29  Stalker  
  72  6:31  Probe  
  72  6:32  Zealot  
  76  6:37  Probe  
  76  6:38  Stalker  
  79  6:42  Shield Battery  
  79  6:46  Probe (Chrono Boost)  
  80  6:49  Probe (Chrono Boost)  
  80  6:52  Pylon  
  81  6:56  Stalker x2  
  81  7:00  Probe (Chrono Boost)  
  86  7:01  Probe (Chrono Boost)  
  86  7:05  Pylon  
  86  7:08  Probe  
  88  7:11  Probe  
  88  7:14  Pylon  
  89  7:17  Forge  
  89  7:19  Gateway  
  89  7:22  Probe  
  90  7:25  Probe  
  90  7:28  Probe  
  90  7:29  Stalker  
  94  7:33  Stalker x2  
  98  7:37  Pylon  
  98  7:45  Protoss Ground Weapons Level 1 (Chrono Boost), Probe  
  98  7:50  Probe  
  100  8:00  Nexus  
  100  8:01  Probe  
  100  8:02  Observer  
  100  8:03  Pylon  
  103  8:06  Stalker x3  
  103  8:10  Assimilator  
  103  8:12  Probe  
  109  8:14  Probe  
  109  8:16  Pylon  
  111  8:20  Sentry  
  111  8:24  Probe  
  111  8:25  Probe  
  114  8:27  Gateway x2  
  114  8:29  Observer  
  115  8:35  Probe  
  115  8:37  Probe  
  115  8:38  Phoenix, Stalker x3  
  119  8:53  Dark Templar  
  119  8:54  Probe  
  123  8:55  Probe  
  123  8:58  Photon Cannon  
  123  9:00  Shield Battery  
  123  9:02  Stalker x3  
  129  9:06  Probe  
  129  9:08  Assimilator  
  126  9:18  Phoenix  
  126  9:19  Probe  
  126  9:22  Pylon, Stalker x2  
  127  9:25  Stalker x2  
  127  9:26  Protoss Ground Weapons Level 2 (Chrono Boost)  
  127  9:30  Probe (Chrono Boost)  
  132  9:34  Probe (Chrono Boost)  
  132  9:35  Probe x2 (Chrono Boost)  
  132  9:37  Photon Cannon  
  135  9:42  Stalker, Probe (Chrono Boost)  
  139  9:48  Probe x2 (Chrono Boost)  
  139  9:49  Probe (Chrono Boost)  
  139  9:51  Probe (Chrono Boost)  
  141  9:59  Probe x2  
  141  10:03  Immortal (Chrono Boost)  
  141  10:04  Probe  
  144  10:08  Robotics Bay  
  144  10:09  Gateway  
  144  10:10  Sentry  
  144  10:11  Stalker, Gateway  
  144  10:13  Shield Battery  
  147  10:15  Probe x2  
  147  10:17  Pylon  
  147  10:19  Stalker x2  
  153  10:21  Probe  
  153  10:23  Pylon  
  153  10:25  Photon Cannon  
  154  10:33  Stalker x2  
  156  10:40  Stalker x2  
  156  10:41  Probe  
  161  10:42  Probe  
  161  10:43  Pylon  
  161  10:45  Assimilator x2  
  161  10:47  Assimilator, Phoenix  
  161  10:49  Observer (Chrono Boost)  
  161  10:55  Probe  
  163  10:58  Probe x2  
  163  10:59  Probe  
  166  11:04  Colossus (Chrono Boost)  
  166  11:05  Stalker x2, Photon Cannon  
  166  11:07  Probe  
  166  11:09  Photon Cannon  
  166  11:10  Probe  
  178  11:16  Probe  
  178  11:17  Extended Thermal Lance  
  179  11:19  Robotics Facility  
  179  11:21  Protoss Ground Weapons Level 3 (Chrono Boost)  
  179  11:22  Dark Templar  
  181  11:28  Photon Cannon  
  181  11:31  Photon Cannon  
  181  11:38  Zealot x6  
  193  11:44  Dark Templar  
  177  11:55  Dark Templar  
  177  11:59  Dark Templar  
  177  12:00  Zealot x5  
  153  12:10  Probe  
  153  12:13  Probe  
  146  12:16  Colossus (Chrono Boost)  
  146  12:18  Stalker  
  146  12:20  Probe x2  
  146  12:22  Colossus (Chrono Boost)  
  144  12:23  Probe  
  151  12:35  Photon Cannon  
  151  12:36  Probe  
  152  12:42  Photon Cannon  
  152  12:45  Sentry, Stalker  
  152  12:46  Dark Templar x2  
  152  12:48  Stalker  
  162  12:52  Archon  
  164  12:58  Stalker  
  164  12:59  Stalker x2  
  164  13:03  Colossus (Chrono Boost)  
  169  13:06  Probe x2  
  169  13:07  Probe  
  169  13:10  Dark Templar x2  
  176  13:13  Stalker  
  176  13:18  Archon  
  178  13:21  Stalker x2  
  178  13:24  Immortal (Chrono Boost)  
  186  13:38  Dark Templar x2  
  186  13:40  Zealot, Dark Templar  
  193  13:48  Probe  
  193  13:49  Observer (Chrono Boost), Archon  
  193  13:55  Zealot x4  
  175  13:56  Immortal (Chrono Boost)  
  177  14:02  Zealot  
  177  14:09  Warp Prism (Chrono Boost)  
  181  14:15  Zealot x3  
  163  14:17  Nexus  
  163  14:19  Stalker x2  
  163  14:22  Observer  
  159  14:24  Protoss Ground Armor Level 1 (Chrono Boost)  
  159  14:32  Colossus (Chrono Boost)  
  159  14:34  Templar Archives  
  159  14:35  Pylon  
  159  14:36  Probe  
  166  14:38  Probe  
  166  14:39  Probe  
  166  14:45  Probe  
  169  14:48  Dark Templar  
  171  14:57  Probe  
  171  14:58  Probe  
  171  14:59  Observer  
  173  15:02  Dark Templar x3  
  173  15:03  Dark Templar x2  
  173  15:04  Zealot x2  
  186  15:09  Archon x2  
  186  15:13  Pylon  
  186  15:25  Pylon  
  186  15:26  Pylon  
  186  15:29  Immortal, Stalker x3  
  186  15:34  Archon  
  186  15:35  Immortal  
  200  15:38  Photon Cannon  
  200  15:41  Pylon  
  200  15:48  Shield Battery  
  199  15:58  Pylon  
  199  15:59  Photon Cannon  
  199  16:00  Photon Cannon  
  199  16:01  Photon Cannon  
  199  16:02  Photon Cannon  
  191  16:07  Warp Prism (Chrono Boost)  
  191  16:10  High Templar x3  
  191  16:11  High Templar  
  183  16:13  Protoss Ground Armor Level 2 (Chrono Boost)  
  183  16:17  Archon x2  
  189  16:18  High Templar x2  
  189  16:19  Zealot  
  189  16:20  Colossus (Chrono Boost)  
  189  16:22  Archon  
  195  16:32  Immortal (Chrono Boost)  
  199  16:42  Probe  
  199  16:46  Gateway  
  200  16:50  Gateway  
  200  16:57  Zealot x3  
  200  17:00  Immortal  
  190  17:02  Zealot x5  
  190  17:03  Charge  
  190  17:07  Warp Prism  
  196  17:19  Probe  
  196  17:22  Zealot x2, Dark Templar  
  191  17:30  Stalker x4  
  186  17:37  Probe  
  186  17:38  Stalker  
  186  17:39  Colossus  
  186  17:43  Colossus  
  188  17:45  Stalker x4  
  191  17:54  Stalker x4  
  181  18:05  Stalker x2  
  181  18:11  Stalker x3  
  175  18:13  Zealot, Dark Templar  
  175  18:14  Zealot x2  
  175  18:18  Zealot x3, Dark Templar  
  181  18:26  Archon  
  181  18:30  Observer (Chrono Boost)  
  178  18:37  Zealot x5  
  178  18:38  Zealot x3  
Tags
 
Add a new tag
Caveats
  • Supply blocks, unpowered buildings, or Contaminate may cause inaccurate times.
  • Supply counts are checked every 10 seconds.